 Dungeon Crawl Stone Soup version 0.29-a0-973-gac7da5f7f0 (webtiles) character file.

Game seed: 16668230364465500671

1888 xian the Thaumaturge (level 8, -4/37 HPs)
             Began as a Spriggan Conjurer on Aug 1, 2022.
             Slain by an orc
             ... wielding a +0 flail
              (8 damage)
             ... on level 6 of the Dungeon.
             The game lasted 00:15:09 (4059 turns).

xian the Thaumaturge (Spriggan Conjurer)            Turns: 4059, Time: 00:15:10

Health: -4/37      AC:  3    Str:  5    XL:     8   Next: 92%
Magic:  10/21      EV: 18    Int: 20    God:
Gold:   249        SH:  0    Dex: 13    Spells: 21/24 levels left

rFire   x . .      SeeInvis +   m - +2 short sword (venom)
rCold   + . .      Faith    .   (no shield)
rNeg    . . .      Spirit   .   a - +1 robe
rPois   .          Reflect  .   (helmet restricted)
rElec   .          Harm     .   (no cloak)
rCorr   .          Rampage  .   (gloves unavailable)
Will    +....                   (boots unavailable)
Stlth   +++.......              e - amulet of magic regeneration
HPRegen 0.12/turn               v - +4 ring of slaying
MPRegen 0.57/turn               p - ring of ice

@: very quick
A: very small, no large weapons, unfitting armour, see invisible, speed 3
a: no special abilities


You were on level 6 of the Dungeon.
You visited 1 branch of the dungeon, and saw 6 of its levels.
You also visited: Sewer.

You collected 249 gold pieces.

Inventory:

Hand Weapons
 m - a +2 short sword of venom (weapon)
Armour
 a - a +1 robe (worn)
Jewellery
 e - an amulet of magic regeneration (around neck)
 k - an amulet of reflection
 p - a ring of ice (right hand)
 s - a ring of ice
 v - a +4 ring of slaying (left hand)
Wands
 o - a wand of flame (5)
 r - a wand of polymorph (10)
 t - a wand of digging (8)
Scrolls
 h - a scroll of enchant armour
 u - 3 scrolls of fog
Potions
 b - a potion of magic
 c - 2 potions of might {unknown}
 d - 2 potions of haste {unknown}
 g - 2 potions of lignification
 i - 4 potions of curing
 j - 2 potions of brilliance
 l - 2 potions of berserk rage {unknown}
 n - a potion of invisibility {unknown}
 q - 3 potions of mutation {unknown}


   Skills:
 + Level 1.1 Fighting
 + Level 4.2 Dodging
 + Level 5.2 Stealth
 + Level 8.6 Spellcasting
 + Level 7.1 Conjurations


You had 21 spell levels left.
You knew the following spells:

 Your Spells              Type           Power      Damage    Failure   Level
a - Magic Dart            Conj           100%       1d8       1%          1
b - Searing Ray           Conj           74%        2d7       1%          2

Your spell library contained the following spells:

 Spells                   Type           Power      Damage    Failure   Level
 Dazzling Flash           Conj/Hex       44%        N/A       5%          3
 Ensorcelled Hibernation  Hex/Ice        24%        N/A       12%         2
 Passwall                 Tmut/Erth      6%         N/A       12%         2
 Fulminant Prism          Conj/Hex       11%        3d9       19%         4
 Iskenderun's Mystic Bla  Conj/Tloc      22%        2d6       19%         4
 Swiftness                Air            8%         N/A       24%         3


Dungeon Overview and Level Annotations

Branches:
Dungeon (6/15)              Sewer (visited)
 Temple: D:4-7

Altars:
Ru
Xom

Annotations:
D:5 Edmund


Innate Abilities, Weirdness & Mutations

You are very small and have problems with some larger weapons.
You are too small for most types of armour.
You have supernaturally acute eyesight. (SInv)
You cover ground extremely quickly. (Speed+++)


Message History

Edmund zaps a wand.
The roots erupt in riotous growth!
The grasping roots grab you! The grasping roots constrict you.
Found a robe.
You escape the roots grasp.
Edmund zaps a wand.
The roots erupt in riotous growth!
The grasping roots grab you! The grasping roots constrict you.
There is an open door here.
Casting: Searing Ray (safe; 1% risk of failure)
Confirm with . or Enter, or press ? or * to list all spells.
Aiming: Searing Ray (safe; 1% risk of failure)
Press: ? - help, Shift-Dir - straight line, f - Edmund
Aim: Edmund, wielding a +3 antimagic dire flail, wearing a +0 chain mail and carrying a wand of roots (3) (86% to hit)
The searing ray hits Edmund.
Edmund is lightly wounded. (Press . to maintain the ray.)
The grasping roots constrict you.
The searing ray hits Edmund.
Edmund is lightly wounded.
Edmund hits you with a +3 antimagic dire flail!
You feel your power leaking away. The grasping roots constrict you.
The grasping roots release their grip on you.
The searing ray hits Edmund.
Edmund is lightly wounded.
Edmund hits you with a +3 antimagic dire flail!
* * * LOW HITPOINT WARNING * * *
You feel your power leaking away.
Okay, then.
As you read the scroll of fear, it crumbles to dust.
You assume a fearsome visage.
Edmund looks frightened!
You open the door.
There is an open door here.
There is a stone staircase leading down here.
You climb downwards.
The orc shouts! x2; The orc wizard shouts!
The orc shouts! x2
There is a stone staircase leading up here.
The orc hits you with a +0 flail!
You die...

.⌠.
.o.
#.#
##.##
#...#
#oo.#


#Yoo# #@# ### You could see a sky beast, an orc wizard and 4 orcs.

Vanquished Creatures
  Pikel (D:4)
  Grinder (D:5)
  A water moccasin (D:5)
  An orc warrior (D:4)
  2 lemures (D:4)
  5 kobold brigands (Sewer)
  A phantom (D:5)
  3 crimson imps (D:5)
  2 orc priests (D:4)
  4 hounds
  A gnoll bouda (D:4)
  An iguana (D:5)
  2 orc wizards (D:4)
  4 gnolls
  10 adders
  2 river rats (Sewer)
  A shadow imp (D:5)
  An ufetubus (D:5)
  4 worms
  4 dart slugs
  4 orcs (D:4)
  5 endoplasms
  A giant cockroach (D:4)
  5 goblins
  7 hobgoblins
  6 jackals (D:4)
  A quokka (D:1)
  11 ball pythons
  5 bats
  A frilled lizard (D:1)
  11 kobolds
  A rat (Sewer)
109 creatures vanquished.

Notes
Turn   | Place    | Note
-------+----------+-------------------------------------------
     0 | D:1      | xian the Spriggan Conjurer began the quest for the Orb.
     0 | D:1      | Reached XP level 1. HP: 9/9 MP: 5/5
   418 | D:1      | Reached XP level 2. HP: 13/13 MP: 2/6
   421 | D:1      | Learned a level 2 spell: Searing Ray
   752 | D:1      | Reached skill level 3 in Spellcasting
   899 | D:1      | Found a faded altar of an unknown god.
  1142 | D:2      | You fall into a shaft and drop 2 floors!
  1160 | D:4      | Reached XP level 3. HP: 16/16 MP: 6/8
  1200 | D:4      | Noticed Pikel
  1200 | D:4      | Noticed a lemure
  1201 | D:4      | Noticed a lemure
  1201 | D:4      | Noticed a lemure
  1202 | D:4      | Noticed a lemure
  1207 | D:4      | Killed a lemure
  1209 | D:4      | Killed a lemure
  1210 | D:4      | Killed Pikel
  1211 | D:4      | Reached skill level 5 in Spellcasting
  1211 | D:4      | Reached skill level 5 in Conjurations
  1211 | D:4      | Reached XP level 4. HP: 7/21 MP: 1/12
  1211 | D:4      | Reached XP level 5. HP: 8/24 MP: 1/13
  1211 | D:4      | Reached XP level 6. HP: 9/28 MP: 1/14
  1283 | D:4      | Reached XP level 7. HP: 14/32 MP: 11/15
  1475 | D:4      | Found a glowing drain.
  1484 | Sewer    | Entered a sewer
  2204 | Sewer    | Reached skill level 6 in Spellcasting
  2349 | Sewer    | Reached XP level 8. HP: 32/37 MP: 9/18
  2490 | D:4      | Reached skill level 5 in Stealth
  2650 | D:4      | Reached skill level 7 in Spellcasting
  2780 | D:4      | Reached skill level 1 in Fighting
  2983 | D:5      | Entered Level 5 of the Dungeon
  3007 | D:5      | Noticed Grinder
  3033 | D:5      | Killed Grinder
  3356 | D:5      | Reached skill level 8 in Spellcasting
  3589 | D:5      | Found a shimmering altar of Xom.
  4041 | D:5      | Found a sacrificial altar of Ru.
  4046 | D:5      | Noticed Edmund
  4059 | D:6      | Slain by an orc

Illustrated notes

Levels and vault maps discovered:
D:1:      matt_arrival_spirals, layout_basic, chequers_ecumenical_altar_island
D:2:      layout_basic, basic_altar, roderic_lattice_a
D:3:      layout_basic, gammafunk_ghost_grave
D:4:      layout_rooms, portal_sewer_entry_d, uniq_pikel
D:5:      layout_gridville, mainiacjoe_overflow_24_doors, led_xom_imps,
          kennysheep_generic_room_8, uniq_edmund, uniq_grinder
D:6:      layout_loops_corners, mainiacjoe_overflow_chevrons,
          grunt_temple_overflow_open, minmay_temple_entry_arrows, st_stairs_6,
          grunt_ministairs_4, uniq_crazy_yiuf_cottage, uniq_blork_the_orc

Skill      XL: |  1  2  3  4  5  6  7  8 |
---------------+-------------------------+-----
Conjurations   | 3 5 6 7 |  7.1
Spellcasting   | 3 5 6 8 |  8.6
Dodging        | 3 4 |  4.2
Stealth        | 4 5 |  5.2
Fighting       | 1 |  1.1

Action                   |  1- 3 |  4- 6 |  7- 9 || total
-------------------------+-------+-------+-------++-------
Melee: Whip              |     3 |       |       ||     3
       Short sword       |       |       |     3 ||     3
 Cast: Magic Dart        |    50 |       |   120 ||   170
       Searing Ray       |     4 |     3 |    42 ||    49
  Use: Scroll            |     4 |       |     7 ||    11
Armor: Robe              |       |       |     5 ||     5
Dodge: Dodged            |    14 |    11 |    46 ||    71

Table legend: (Time is in decaauts)
 A = Elapsed time spent in this place.
 B = Non-inter-level travel time spent in this place.
 C = Inter-level travel time spent in this place.
 D = Time resting spent in this place.
 E = Time spent auto-exploring this place.
 F = Levels seen in this place.
 G = Mean time per level.
                   A        B        C        D        E       F      G
               +--------+--------+--------+--------+--------+-----+--------+
         Total |   3257 |   3238 |     19 |    289 |   2107 |   7 |  465.3 |
       Dungeon |   2278 |   2259 |     19 |      0 |   1681 |   6 |  379.7 |
         Sewer |    978 |    978 |      0 |    289 |    426 |   1 |  978.0 |
               +--------+--------+--------+--------+--------+-----+--------+

Top non-repeatable levels by time:
   Sewer: 978 daAuts
     D:5: 808 daAuts
     D:1: 742 daAuts
     D:4: 593 daAuts
     D:2: 88 daAuts
     D:3: 44 daAuts
     D:6: 0 daAuts
